AoeStats
← TM Caesar

Black Forest

506937841Analyzed
2v2 RM · 17d ago on Sep 15, 2026· 81m 23s· 4 players
Game mode
Random Map
Map size
Medium (4 player)
Population
200
Speed
Normal
Resources
Standard
Victory
Conquest
Starting age
Dark Age
Ending age
Imperial Age
RankedLock teamsTeams togetherTeam positionsShared explorationLock speedFull tech treeHidden civsTurbo modeCheats
Victory
Defeat
🇺🇸 Franks · United States
1539
+15
🇬🇧 Khitans · United Kingdom
1538
+15
🇦🇷 Tupi · Argentina
1538
-17
🇳🇱 Koreans · Netherlands
1477
-13
NarKofer
5:05 Loom
8:59 Feudal Age
10:49 Double-Bit Axe
12:51 Forging
18:53 Castle Age
16:47 Domestication
17:55 Gold Mining
20:22 Bow Saw
25:44 Pastoralism
27:12 Wheelbarrow
32:06 Imperial Age
29:43 Husbandry
29:04 Light Cavalry
30:13 Scale Barding Armor
30:43 Iron Casting
32:15 Heavy Rocket Cart
35:22 Hand Cart
35:55 Scale Mail Armor
36:16 Chain Barding Armor
36:51 Siege Engineers
37:47 Chemistry
36:45 Hussar
37:32 Town Watch
39:52 Plate Barding Armor
39:19 Scale Mail Armor
39:41 Conscription
39:27 Ordo Cavalry
40:04 Town Patrol
43:33 Chain Mail Armor
51:36 Plate Mail Armor
53:19 Caravan
53:57 Elite Liao Dao
55:28 Fletching
55:38 Padded Archer Armor
66:34 Transhumance
76:16 Bodkin Arrow
78:05 Lamellar Armor
80:07 Murder Holes
80:22 Masonry
80:34 Ballistics
DSlatts242
0:45 Loom
13:19 Feudal Age
13:27 Man-at-Arms
17:06 Fletching
24:35 Castle Age
22:39 Double-Bit Axe
25:34 Wheelbarrow
32:28 Bodkin Arrow
37:12 Scale Barding Armor
37:52 Bow Saw
39:20 Scale Mail Armor
44:28 Masonry
45:10 Forging
50:13 Chain Mail Armor
53:23 Imperial Age
50:54 Light Cavalry
51:57 Chain Barding Armor
54:22 Husbandry
56:02 Plate Barding Armor
57:43 Chemistry
56:46 Cavalier
58:13 Hand Cart
58:35 Hand Cart
59:01 Siege Engineers
59:02 Town Watch
59:25 Caravan
60:14 Conscription
60:38 Guard Tower
61:42 Ballistics
61:52 Gold Mining
61:56 Stone Mining
62:44 Iron Casting
64:52 Architecture
63:52 Elite Throwing Axeman
64:56 Chivalry
65:17 #83
65:02 Murder Holes
66:58 Arrowslits
67:25 Fortified Wall
70:36 Hoardings
72:45 Blast Furnace
72:16 Plate Mail Armor
79:14 Paladin
TM Caesar
1:05 Loom
11:28 Feudal Age
16:14 Castle Age
14:40 Double-Bit Axe
15:13 Fletching
15:04 Horse Collar
19:03 Stone Mining
23:48 Bodkin Arrow
24:03 Padded Archer Armor
25:31 Bow Saw
26:15 Wheelbarrow
26:11 Heavy Plow
27:02 Redemption
26:46 Gold Mining
29:18 Leather Archer Armor
29:42 Hand Cart
29:56 Sanctity
33:24 Imperial Age
32:06 Gold Shaft Mining
33:01 Ballistics
34:07 Bracer
35:09 Chemistry
33:33 Elite Blackwood Archer
34:43 Conscription
35:13 Ring Archer Armor
34:31 Town Watch
35:22 Curare
38:14 Hoardings
37:41 Scale Mail Armor
38:17 Illumination
38:48 Chain Mail Armor
38:40 Squires
38:34 Champi Runner
40:24 Two-Man Saw
40:00 Plate Mail Armor
39:10 Champi Warrior
40:15 Caciques
39:50 Elite Champi Warrior
41:48 Forging
42:00 Pikeman
43:17 Iron Casting
42:44 Halberdier
46:22 Arson
48:02 Treadmill Crane
50:45 Murder Holes
51:09 Caravan
54:03 Coinage
56:36 Sappers
57:37 Banking
70:32 Guard Tower
70:27 Arrowslits
74:45 Capped Ram
Javier STATISTICS
0:36 Loom
13:49 Feudal Age
16:15 Fletching
20:03 Castle Age
26:37 Double-Bit Axe
27:55 Bodkin Arrow
30:09 Wheelbarrow
38:15 Imperial Age
38:02 Bow Saw
40:16 Chemistry
43:26 Gold Mining
47:45 Town Watch
50:32 Horse Collar
52:15 Bracer
53:37 Wheelbarrow
56:23 Pikeman
58:06 Caravan
60:50 Squires
60:20 Halberdier
61:46 Scale Mail Armor
63:20 Chain Mail Armor
64:08 Siege Engineers
65:24 Plate Mail Armor
66:18 Forging
66:58 Gambesons
68:29 Two-Man Saw
68:33 Iron Casting
78:33 Crossbowman
80:38 Thumb Ring
Connection lost

Rejoining the realm…

Still unreachable

The connection could not be restored.

Session expired

The server has moved on; the page needs a fresh start.